 Dungeon Crawl Stone Soup version 0.31.0-32-g396128a36d (webtiles) character file.

Game seed: 15251499724277633429

186 imdaedric the Shield-Bearer (level 5, -4/42 HPs)
             Began as a Formicid Fighter on Apr 22, 2024.
             Slain by a gnoll
             ... wielding a +0 flail
             ... led by a gnoll bouda
              (11 damage)
             ... on level 4 of the Dungeon.
             The game lasted 00:04:50 (2749 turns).

imdaedric the Shield-Bearer (Formicid Fighter)      Turns: 2749, Time: 00:04:51

Health: -4/42      AC:  7    Str: 23    XL:     5   Next: 97%
Magic:  5/5        EV:  7    Int:  7    God:
Gold:   110        SH: 13    Dex: 13    Spells: 4/4 levels left

rFire   + . .        a - +1 long sword
rCold   . . .        j - +0 tower shield
rNeg    . . .        b - +0 scale mail
rPois   .            (helmet unavailable)
rElec   .            (no cloak)
rCorr   .            (no gloves)
SInv    +            (no boots)
Will    .....        l - amulet of regeneration Stlth
                     q - ring of protection from fire
HPRegen 1.07/turn    (no ring)
MPRegen 0.09/turn

%: no passive effects
@: mighty
A: permanent stasis, dig shafts and tunnels, antennae 3, four strong arms
a: Dig, Shaft Self


You were on level 4 of the Dungeon.
You visited 1 branch of the dungeon, and saw 4 of its levels.

You collected 155 gold pieces.
You spent 45 gold pieces at shops.

Inventory:

Hand Weapons
 a - a +1 long sword (weapon)
Missiles
 g - a throwing net
 n - 2 javelins
Armour
 b - a +0 scale mail (worn)
 j - a +0 tower shield (worn)
Jewellery
 l - an amulet of regeneration (around neck)
 q - a ring of protection from fire (left hand)
Scrolls
 c - a scroll of enchant armour
 k - 2 scrolls of silence
Potions
 e - a potion of curing {unknown}
 f - a potion of cancellation {unknown}
 h - a potion of berserk rage {unknown}
 i - 4 potions of enlightenment
 m - a potion of attraction
 o - a potion of brilliance {unknown}
 p - a potion of invisibility


   Skills:
 + Level 4.2 Fighting
 + Level 3.0 Long Blades
 + Level 1.5 Ranged Weapons
 - Level 1.0 Throwing
 + Level 4.2 Armour
 + Level 5.1 Shields


You had 4 spell levels left.
You didn't know any spells.
Your spell library was empty.

Dungeon Overview and Level Annotations

Branches:
Dungeon (4/15)
 Temple: D:4-7

Altars:
Ru
Uskayaw

Shops:
D:1 ((*([   D:2 (


Innate Abilities, Weirdness & Mutations

You cannot be hasted, slowed, berserked, paralysed or teleported.
You can dig through walls and to a lower floor.
You have a pair of large antennae on your head. (SInv)
Your four strong arms can wield two-handed weapons with a shield.


Message History

You hit the gnoll.
You kill the gnoll!
The gnoll completely misses you.
The gnoll hits you from afar with a +0 halberd!
* * * LOW HITPOINT WARNING * * *
The gnoll closely misses you.
Things that are here:
a +0 club; a +0 club; a +0 leather armour You slash the gnoll!
The gnoll is severely wounded.
The gnoll hits you but does no damage.
You completely miss the gnoll.
The gnoll is severely wounded.
The gnoll completely misses you.
You hit the gnoll.
The gnoll is almost dead.
You block the gnoll's attack. x2
You slash the gnoll!
You kill the gnoll!
You slash the gnoll!
The gnoll is severely wounded.
You block the gnoll's attack. x2
You closely miss the gnoll.
The gnoll is severely wounded.
You block the gnoll's attack. The gnoll hits you with a +0 flail!
You barely miss the gnoll.
The gnoll is severely wounded.
You block the gnoll's attack.
You hit the gnoll but do no damage.
The gnoll is severely wounded.
The gnoll hits you with a +0 flail!
* * * LOW HITPOINT WARNING * * *
The gnoll hits you with a +0 flail.
* * * LOW HITPOINT WARNING * * *
You hit the gnoll.
The gnoll is almost dead.
The gnoll hits you but does no damage.
You feel very mighty all of a sudden. The gnoll hits you with a +0 flail!
You die...

##.##########....#
##.#... #.#
##........# #.....
#.#####...##...>#
#####.
#.............#.# #.
#######...###.#.# ##
##.## #.#.# #.# #.#.#
#.# #.#.# #@# #.#.#
#g# #.).# #g####..##
#.....g......#
#.....#.#..##.#######
#...g........#......#
#...g,#.#..#...####.#
##..g
......###.###.####
##. #...>.#
##........


You could see 3 gnolls.

Vanquished Creatures
  A scorpion (D:4)
  A gnoll bouda (D:4)
  2 gnolls (D:4)
  4 adders
  A dart slug (D:3)
  2 ribbon worms
  2 giant cockroaches (D:2)
  6 goblins
  3 hobgoblins
  5 kobolds
  A quokka (D:3)
  4 bats
  A frilled lizard (D:3)
  5 rats
38 creatures vanquished.

Notes
Turn   | Place    | Note
-------+----------+-------------------------------------------
     0 | D:1      | imdaedric the Formicid Fighter began the quest for the Orb.
     0 | D:1      | Reached XP level 1. HP: 18/18 MP: 1/1
    93 | D:1      | Found Celytof's Weapon Shoppe.
   176 | D:1      | Found Ytarhaav's Assorted Antiques.
   177 | D:1      | Found Ceunah's Antique Weapon Boutique.
   398 | D:1      | Found Feolin's Antique Weapon Boutique.
   566 | D:1      | Found Hujixt's Armour Emporium.
   574 | D:1      | Bought a +0 tower shield for 45 gold pieces
   930 | D:2      | Reached XP level 2. HP: 24/24 MP: 2/2
  1021 | D:2      | Reached XP level 3. HP: 29/29 MP: 3/3
  1032 | D:2      | Found Jocuujua's Antique Weapon Emporium.
  1407 | D:3      | Reached skill level 1 in Throwing
  1705 | D:3      | Reached XP level 4. HP: 37/37 MP: 4/4
  1858 | D:3      | Found a sacrificial altar of Ru.
  2015 | D:3      | Found a hide-covered altar of Uskayaw.
  2334 | D:4      | Noticed a scorpion
  2348 | D:4      | Killed a scorpion
  2349 | D:4      | Reached skill level 1 in Ranged Weapons
  2349 | D:4      | Reached XP level 5. HP: 2/42 MP: 5/5
  2732 | D:4      | Reached skill level 5 in Shields
  2749 | D:4      | Slain by a gnoll

Illustrated notes

Levels and vault maps discovered:
D:1:      elethiomel_arrival_quiet, layout_basic, serial_shops,
          nicolae_shop_trees, shop, shop, shop, nicolae_shop_rolling_square
D:2:      layout_rooms, serial_shops, nicolae_shop_tiny_glass
D:3:      layout_basic, marbit_many_paths, nicolae_overflow_crystal_walls,
          serial_aquarium, aquarium_bridge_long_joined
          [aquarium_subvault_bridge, aquarium_subvault_wall,
          aquarium_subvault_wall, aquarium_subvault_wall,
          aquarium_subvault_wall, aquarium_subvault_bridge], aquarium_window_1,
          aquarium_window_2, aquarium_window_1, aquarium_window_fake,
          aquarium_view_2a
D:4:      layout_loops_ring, nicolae_wu_jian_wuxing_cycle

Skill      XL: |  1  2  3  4  5 |
---------------+----------------+-----
Throwing       | 1 |  1.0
Fighting       | 4 |  4.2
Ranged Weapons | 1 |  1.5
Armour         | 4 |  4.2
Long Blades    | 3 |  3.0
Shields        | 5 |  5.1

Action                     |  1- 3 |  4- 6 || total
---------------------------+-------+-------++-------
  Melee: Long sword        |    80 |    84 ||   164
    Use: Scroll            |     3 |     6 ||     9
         Potion            |       |     1 ||     1
 Armour: Scale mail        |    38 |    57 ||    95
  Dodge: Dodged            |    21 |    24 ||    45
  Block: Tower shield      |    75 |    74 ||   149
